 Dungeon Crawl Stone Soup version 0.25.0-46-gbd7b0854d2 (webtiles) character file.

Game seed: 2136907401158134761

25 Milting the Caller (level 3, 0/16 HPs)
             Began as a Vine Stalker Summoner on July 12, 2020.
             Slain by an adder (1 damage)
             ... on level 2 of the Dungeon.
             The game lasted 00:08:22 (1889 turns).

Milting the Caller (Vine Stalker Summoner)          Turns: 1889, Time: 00:08:23

Health: 0/16       AC:  2    Str: 10    XL:     3   Next: 6%
Magic:  0/8        EV: 12    Int: 16    God:
Gold:   19         SH:  0    Dex: 14    Spells: 6/7 levels left

rFire    . . .     SeeInvis .   (no weapon)
rCold    . . .     Gourm    .   (no shield)
rNeg     . . .     Faith    .   a - +0 robe
rPois    .         Spirit   +   (no helmet)
rElec    .         Reflect  .   (no cloak)
rCorr    .         Harm     .   (no gloves)
MR       .....                  (no boots)
Stlth    ++........             (no amulet)
HPRegen  0.05/turn              (no ring)
MPRegen  0.11/turn              (no ring)

@: no status effects
A: fangs 2, magic shield, antimagic bite, no potion heal 3, rot immunity
a: no special abilities


You were on level 2 of the Dungeon.
You were not hungry.

You visited 1 branch of the dungeon, and saw 2 of its levels.

You collected 19 gold pieces.

Inventory:

Missiles
 k - 6 stones (quivered)
Armour
 a - a +0 robe (worn)
 e - a +0 chain mail
 f - a +0 robe
 l - a +0 leather armour
Scrolls
 d - a scroll of amnesia {unknown}
 h - a scroll of identify {unknown}
 i - a scroll of magic mapping {unknown}
Potions
 b - a potion of curing
 g - 2 potions of ambrosia {unknown}
 j - a potion of invisibility {unknown}
Comestibles
 c - a ration
 m - 2 chunks of flesh


   Skills:
 - Level 1.5 Dodging
 + Level 3.1 Stealth
 + Level 2.7 Spellcasting
 + Level 4.3 Summonings


You had 6 spell levels left.
You knew the following spells:

 Your Spells              Type           Power        Failure   Level  Hunger
a - Summon Small Mammal   Summ           ###.         3%          1    #......

Your spell library contained the following spells:

 Spells                   Type           Power        Failure   Level  Hunger
 Call Imp                 Summ           ###.....     4%          2    ##.....
 Call Canine Familiar     Summ           ###.....     10%         3    ###....
 Summon Guardian Golem    Hex/Summ       #.......     24%         3    ###....
 Summon Ice Beast         Ice/Summ       #.......     61%         4    #####..
 Summon Lightning Spire   Summ/Air       #.......     61%         4    #####..


Dungeon Overview and Level Annotations

Branches:
Dungeon (2/15)

Altars:


Innate Abilities, Weirdness & Mutations

You have extremely sharp teeth.
When hurt, damage is shared between your health and your magic reserves.
Your bite disrupts and absorbs the magic of your enemies.
Potions cannot restore your health.
You are immune to rotting.


Message History

Your quokka dies!
Your quokka's corpse disappears in a puff of smoke!
The adder hisses angrily.
You see here 10 arrows.
Casting: Summon Small Mammal (safe; 3% risk of failure)
Confirm with . or Enter, or press ? or * to list all spells.
* * * LOW HITPOINT WARNING * * *
You feel sick.
There is a lethal amount of poison in your body!
It was a potion of curing.
Your system rejects the healing.
You feel better. The adder barely misses you. The adder bites you.
* * * LOW HITPOINT WARNING * * *
Your rat closely misses the adder.
Unknown command.
The adder barely misses you.
Your rat closely misses the adder.
A leopard gecko comes into view.
The adder bites you.
* * * LOW HITPOINT WARNING * * *
The adder bites you.
You die...

.# #.# .# #.# #### .#
##.##... .# ......# .#
## ......# $# ..
......# .#.#
.รท....###########..l##
.....###..(...rS@....#
###.####.########...##
#.......####### .#.#
#..###......... .. ..
#..# ##.####..) .## ##
#..# #.# ## #..# #.#
##.. ... ##. #..


You could see an adder, a leopard gecko (asleep) and a friendly rat (summoned).

Vanquished Creatures
  2 hobgoblins (D:2)
  A jackal (D:1)
  3 bats (D:1)
  A frilled lizard (D:1)
  A rat (D:1)
8 creatures vanquished.

Vanquished Creatures (collateral kills)
  2 dart slugs (D:1)
  A leopard gecko (D:2)
  2 giant cockroaches (D:1)
  2 goblins (D:1)
  3 hobgoblins (D:1)
  3 jackals (D:1)
  A ball python (D:1)
  A bat (D:1)
  3 frilled lizards (D:1)
  A kobold (D:1)
  4 rats
23 creatures vanquished.

Grand Total: 31 creatures vanquished

Notes
Turn   | Place    | Note
-------+----------+-------------------------------------------
     0 | D:1      | Milting the Vine Stalker Summoner began the quest for the
                  | Orb.
     0 | D:1      | Reached XP level 1. HP: 9/9 MP: 4/4
   214 | D:1      | Reached XP level 2. HP: 6/13 MP: 0/6
  1792 | D:2      | Reached XP level 3. HP: 16/16 MP: 8/8
  1889 | D:2      | Slain by an adder

Illustrated notes

Levels and vault maps discovered:
D:1:      roderic_dead_forest, layout_basic
D:2:      minmay_alternating_diamond, layout_loops_ring, first_ration,
          kennysheep_nub

Skill      XL: |  1  2 |
---------------+-------+-----
Stealth        | 3 |  3.1
Dodging        | |  1.5
Spellcasting   | |  2.7
Summonings     | |  4.3

Action                   || total
-------------------------++-------
Melee: Unarmed           ||    56
       Bite              ||    11
Throw: Stone             ||     1
 Cast: Summon Small Mamm ||    48
  Use: Potion            ||     1
 Stab: Sleeping          ||     4
  Eat: Chunk             ||     4
Armor: Robe              ||    17
       Chain mail        ||    10
Dodge: Dodged            ||    59
